 Dungeon Crawl Stone Soup version 0.28-a0-863-g8cecda6153 (webtiles) character file.

Game seed: 16914905844575913972

443424 browni3141 the Spry (level 24, 0/180 (215) HPs)
             Began as a Djinni Fire Elementalist on Nov 19, 2021.
             Was a High Priest of Ashenzari.
             Killed from afar by a Brimstone Fiend (42 damage)
             ... with damnation
             ... in the Vestibule of Hell.
             The game lasted 03:08:29 (47870 turns).

browni3141 the Spry (Djinni Fire Elementalist)     Turns: 47870, Time: 03:08:29

HP:   0/180 (215)   AC: 19    Str: 19 (20) XL:     24   Next: 98%
Gold: 3271          EV: 28    Int: 33 (34) God:    Ashenzari [*****.] SH: 25 Dex: 21

rFire   + + +      SeeInvis +   U - +11 long sword of Ashenzari's Urgency {flame, rF+ Str+4 Int-2, Self, Melee} (curse)
rCold   x . .      Faith    .   w - +0 tower shield "Share My Soothsayer" {Cun, Fort} (curse)
rNeg    . . .      Spirit   .   A - +1 ring mail of Ashenzari's Prison {rF+, Melee, Self} (curse)
rPois   ∞          Reflect  .   I - +2 helmet of Ashenzari's Shame {SInv, Fort, Cun} (curse)
rElec   .          Harm     .   O - +2 cloak "Mantic Gnosis" {rCorr, Melee, Fort} (curse)
rCorr   +          Rampage  .   c - +2 pair of gloves of the Bound Evening Star {Str+3, Self, Melee} (curse)
Will    ++...      Clarity  +   (boots unavailable)
Stlth   +++++..... Rnd*Tele +   m - amulet of the Eternal Augur {rF+ Regen+ SInv, Range, Cun} (curse)
HPRegen 1.40/turn               u - ring "Ceqir" {Str+6 Int+6}
MPRegen 0.00/turn               P - ring of the Eternal Blue Moon {rF++ Int+6 Dex+4, Melee, Fort} (curse)

@: flying, studying 2 skills, heavily drained
A: sickness immunity, fire resistance 2, cold vulnerability 1, float, innate
caster, hp casting, extra vitality 1, deformed body, deterioration 1, dopey 1,
robust 1, teleportitis 1, subdued magic 1
}: 3/15 runes: barnacled, abyssal, gossamer
a: Renounce Religion, Curse Item, Shatter the Chains


You were in the Vestibule of Hell.
You worshipped Ashenzari.
Ashenzari was extremely pleased with you.
You visited 11 branches of the dungeon, and saw 47 of its levels.
You visited the Abyss 3 times.
You also visited: Ossuary, Gauntlet, Ice Cave and Volcano.

You collected 6563 gold pieces.
You spent 3292 gold pieces at shops.

Inventory:

Hand Weapons
 Q - a +0 eudemon blade of holy wrath
 U - the cursed +11 long sword of Ashenzari's Urgency (weapon) {flame, rF+ Str+4 Int-2, Self, Melee}
   (You took it off a deep elf pyromancer on level 15 of the Dungeon)

   It burns those it strikes, dealing additional fire damage.
   Big, fiery blades are also staple armaments of hydra-hunters.
   Str:       It affects your strength (+4).
   Int:       It affects your intelligence (-2).
   rF:        It protects you from fire.
   It has a curse which improves the following skills: Introspection: Fighting
   and Spellcasting.
   Melee Combat: Short Blades, Long Blades, Axes, Maces & Flails, Polearms,
   Staves and Unarmed Combat.
Missiles
 l - 12 throwing nets
 C - 23 curare-tipped darts
 K - 22 silver javelins
Armour
 c - the cursed +2 pair of gloves of the Bound Evening Star (worn) {Str+3, Self, Melee}
   (You acquired it on level 3 of the Abyss)

   It has a curse which improves the following skills: Introspection: Fighting
   and Spellcasting.
   Melee Combat: Short Blades, Long Blades, Axes, Maces & Flails, Polearms,
   Staves and Unarmed Combat.
 s - the +0 hat of the Zebra {Regen+ Dex+4}
   (You acquired it on level 6 of the Lair of Beasts)

   Dex:       It affects your dexterity (+4).
   Regen:     It increases your rate of health regeneration.
 w - the cursed +0 tower shield "Share My Soothsayer" (worn) {Cun, Fort}
   (You found it on level 7 of the Dungeon)

   It has a curse which improves the following skills: Cunning: Dodging and
   Stealth.
   Fortitude: Armour and Shields.
 A - the cursed +1 ring mail of Ashenzari's Prison (worn) {rF+, Melee, Self}
   (You found it on level 8 of the Dungeon)

   It has a curse which improves the following skills: Melee Combat: Short
   Blades, Long Blades, Axes, Maces & Flails, Polearms, Staves and Unarmed
   Combat.
   Introspection: Fighting and Spellcasting.
 F - +1 pearl dragon scales
 I - the cursed +2 helmet of Ashenzari's Shame (worn) {SInv, Fort, Cun}
   (You found it in a Gauntlet)

   It has a curse which improves the following skills: Fortitude: Armour and
   Shields.
   Cunning:   Dodging and Stealth.
 O - the cursed +2 cloak "Mantic Gnosis" (worn) {rCorr, Melee, Fort}
   (You bought it in a shop on level 2 of the Orcish Mines)

   It has a curse which improves the following skills: Melee Combat: Short
   Blades, Long Blades, Axes, Maces & Flails, Polearms, Staves and Unarmed
   Combat.
   Fortitude: Armour and Shields.
Jewellery
 d - the ring of the Fool {rF+ Int+6 Slay+3 Stlth+}
   (You acquired it on level 4 of the Spider Nest)

   [ring of intelligence]

   Int:       It affects your intelligence (+6).
   Slay:      It affects your accuracy & damage with ranged weapons and melee
   (+3).
   rF:        It protects you from fire.
   Stlth:     It makes you more stealthy.
 m - the cursed amulet of the Eternal Augur (around neck) {rF+ Regen+ SInv, Range, Cun}
   (You acquired it in an ossuary)

   [amulet of regeneration]

   rF:        It protects you from fire.
   SInv:      It lets you see invisible.
   Regen:     It increases your rate of health regeneration.
   It has a curse which improves the following skills: Ranged Combat: Slings,
   Bows, Crossbows and Throwing.
   Cunning:   Dodging and Stealth.
 u - the ring "Ceqir" (left hand) {Str+6 Int+6}
   (You found it on level 1 of the Depths)

   [ring of strength]

   Str:       It affects your strength (+6).
   Int:       It affects your intelligence (+6).
 P - the cursed ring of the Eternal Blue Moon (right hand) {rF++ Int+6 Dex+4, Melee, Fort}
   (You bought it in a shop on level 1 of the Orcish Mines)

   [ring of intelligence]

   Int:       It affects your intelligence (+6).
   Dex:       It affects your dexterity (+4).
   rF:        It greatly protects you from fire.
   It has a curse which improves the following skills: Melee Combat: Short
   Blades, Long Blades, Axes, Maces & Flails, Polearms, Staves and Unarmed
   Combat.
   Fortitude: Armour and Shields.
 T - the ring "Percharaa" {rF+ rN+ Int+3 Dex+2}
   (You took it off a deep elf demonologist on level 3 of the Elven Halls)

   [ring of positive energy]

   Int:       It affects your intelligence (+3).
   Dex:       It affects your dexterity (+2).
   rF:        It protects you from fire.
   rN:        It protects you from negative energy.
 V - an amulet of reflection
Wands
 t - a wand of paralysis (40)
 B - a wand of polymorph (18)
 L - a wand of charming (28)
 M - a wand of acid (21)
 S - a wand of digging (3)
 Y - a wand of iceblast (70)
Scrolls
 a - 9 scrolls of vulnerability
 f - 8 scrolls of fog
 i - 7 scrolls of blinking
 j - 8 scrolls of teleportation
 k - 2 scrolls of brand weapon
 n - 8 scrolls of enchant armour
 v - 3 scrolls of silence
 z - 8 scrolls of magic mapping
 D - 4 scrolls of enchant weapon
 H - a scroll of summoning
 J - 5 scrolls of noise
 W - a scroll of immolation
 X - 3 scrolls of holy word
 Z - 6 scrolls of fear
Potions
 b - a potion of invisibility
 e - a potion of resistance
 g - 7 potions of cancellation
 h - a potion of heal wounds
 o - 5 potions of haste
 p - 3 potions of brilliance
 q - 13 potions of might
 r - a potion of lignification
 x - 4 potions of berserk rage
 G - 4 potions of curing
 R - 7 potions of ambrosia
Miscellaneous
 y - a phial of floods
 E - a phantom mirror
 N - a piece from Xom's chessboard (15/15)


   Skills:
 * Level 18.0(23.2) Fighting
 * Level 18.0(25.6) Long Blades
 + Level 12.6(19.3) Armour
 * Level 19.0(24.2) Dodging
 + Level 8.3(13.8) Stealth
 * Level 17.0(23.5) Shields
 * Level 14.4(19.9) Spellcasting
 + Level 9.2 Evocations


You couldn't memorise any spells.
You knew the following spells:

 Your Spells              Type           Power      Damage    Failure   Level
a - Foxfire               Conj/Fire      100%       2x1d9     0%          1
b - Scorch                Fire           100%       2d10      0%          2
c - Conjure Flame         Conj/Fire      90%        6-21      0%          3
d - Inner Flame           Hex/Fire       90%        N/A       0%          3
e - Flame Wave            Conj/Fire      90%        3d15      0%          4
f - Pain                  Necr           100%       1d9       0%          1
g - Ensorcelled Hibernat  Hex/Ice        100%       N/A       0%          2
h - Corpse Rot            Necr/Air       100%       N/A       0%          2
i - Fulminant Prism       Conj/Hex       45%        3d21      0%          4
j - Summon Lightning Spi  Summ/Air       90%        N/A       0%          4
k - Blade Hands           Tmut           45%        N/A       0%          5
l - Iron Shot             Conj/Erth      45%        9d9       1%          6
m - Summon Cactus Giant   Summ           45%        N/A       1%          6
n - Dispersal             Tloc           45%        N/A       1%          6
o - Dragon Form           Tmut           45%        N/A       1%          7
p - Monstrous Menagerie   Summ           45%        N/A       1%          7
Your spell library was empty.

Dungeon Overview and Level Annotations

Branches:
Dungeon (15/15)            Temple (1/1) D:5            Lair (6/6) D:11
 Shoals (4/4) Lair:4       Spider (4/4) Lair:3        Slime (5/5) Lair:6
    Orc (2/2) D:11            Elf (3/3) Orc:2        Vaults (0/5) D:14
 Depths (4/4) D:15           Hell (1/1)                 Dis (0/7) Hell
    Geh (2/7) Hell            Coc (0/7) Hell            Tar (0/7) Hell
Ossuary (visited)           IceCv (visited)         Volcano (visited)
Gauntlet (visited)
    Zot: Depths:4

Altars:
Ashenzari
Cheibriados
Dithmenos
Elyvilon
Fedhas
Gozag
Hepliaklqana
Kikubaaqudgha
Makhleb
Nemelex Xobeh
Okawaru
Qazlal
Ru
Sif Muna
Trog
Uskayaw
Vehumet
Wu Jian
Xom
Yredelemnul
Zin
The Shining One
Beogh
Jiyva
Lugonu

Shops:
Orc:1 ****=   Orc:2 [==([(   Elf:2 :   Elf:3 (!   Depths:1 :=:   Depths:4 !?

Portals:
Hell: Depths:1 Depths:2 Depths:3 Depths:4
Abyss: Lair:6 Depths:3 Depths:4
Pandemonium: Depths:1 Depths:2 Depths:4
Ziggurat: Depths:1

Annotations:
Slime:5 Royal Jelly
Depths:4 Sojobo


Innate Abilities, Weirdness & Mutations

You are immune to sickness and miasma.
You are immune to poison.
Your flesh is very heat resistant. (rF++)
You are vulnerable to cold. (rC-)
You float through the air rather than walking.
You learn spells naturally, not from books.
Your magical power is your life essence.
You have superior vitality. (+4 HP)
Armour fits poorly on your strangely shaped body.
Your body sometimes deteriorates upon taking damage.
You are dopey. (Int -2)
You are robust. (+10% HP)
You are occasionally teleported next to monsters.
Your spells are a little easier to cast, but a little less powerful.


Message History

The Brimstone Fiend is lightly wounded.
You block the fire giant's attack. You block the Brimstone Fiend's attack.
The Brimstone Fiend completely misses you.
The Brimstone Fiend barely misses you.
Unknown command.
You slash the fire giant!
The fire giant is almost dead.
You block the fire giant's attack.
Unknown command.
You slash the fire giant!
You kill the fire giant!
You block the Brimstone Fiend's attack. x3
Your base Fighting skill increases to level 18!
Unknown command.
You slash the Brimstone Fiend!
The Brimstone Fiend is lightly wounded.
The Brimstone Fiend hits you!
You block the Brimstone Fiend's attack. x2
Unknown command.
You hit the Brimstone Fiend but do no damage.
The Brimstone Fiend is lightly wounded.
You block the Brimstone Fiend's attack. x3
Unknown command.
You hit the Brimstone Fiend but do no damage.
The Brimstone Fiend is lightly wounded.
Unknown command.
You slash the Brimstone Fiend!
The Brimstone Fiend is moderately wounded.
The Brimstone Fiend calls on the powers of darkness!
Your body is wracked with pain!
* * * LOW HITPOINT WARNING * * *
Unknown command.
You closely miss the Brimstone Fiend.
The Brimstone Fiend is moderately wounded.
You block the Brimstone Fiend's attack. x3
Unknown command.
You barely miss the Brimstone Fiend.
The Brimstone Fiend is moderately wounded.
The Brimstone Fiend gestures at you.
The sphere of damnation explodes!
The damnation engulfs you!!!
You die...

#§#....##§###### #
###.....#≈≈###### #
##......#≈≈≈########
##.....####≈§#######
##...##'..##§≈######
###'##.....#≈..#####
##...#.....#.§≈.####
##)..#.....'.)§§)...
##.@1#.....'[§§≈[[.[
##.).#.....'§[≈§....
##...#.....#[≈§§####
###'##.....#≈).#####
##...##'..##≈≈######
####.....####§≈#######
####......#≈≈≈##### ##
#####.....#≈§######
###§#....##≈###### #


You could see a Brimstone Fiend.

Vanquished Creatures
  Dissolution (Slime:3)
  2 juggernauts
  Mennas (Depths:4)
  Frederick (Depths:4)
  Saint Roka (Depths:1)
  4 caustic shrikes (Depths:3)
  Geryon (Hell)
  A bone dragon (Lair:6)
  Arachne (Spider:2)
  Jorgrun (D:13)
  A tentacled monstrosity (Abyss:5)
  Mlioglotl (Spider:1)
  A deep elf blademaster (Elf:3)
  13 acid blobs
  A quicksilver dragon (Depths:3)
  A lich (Depths:2)
  3 ancient champions
  A deep elf master archer (Elf:3)
  2 sphinxes
  A kraken (Abyss:5)
  6 tentacled starspawn
  2 tengu reavers
  A shadow dragon (Hell)
  Roxanne (D:14)
  7 azure jellies
  6 rockslimes
  3 frost giants
  8 fire giants
  Ilsuiw (Shoals:2)
  A revenant (Depths:2)
  The ghost of Qucsich the Severer, a journeyman HOAr of Beogh (D:15)
  3 deep elf sorcerers (Elf:3)
  An iron dragon (Depths:3)
  5 ghost moths
  An angel (Abyss:3)
  Aizul (Spider:2)
  5 balrugs
  4 deep elf elementalists (Elf:3)
  3 emperor scorpions
  8 reapers
  2 ophanim (Abyss:3)
  13 very ugly things
  5 stone giants
  A spriggan defender (Depths:3)
  2 quicksilver oozes (Slime:4)
  A juggernaut skeleton (Depths:2)
  6 deep elf demonologists (Elf:3)
  A green draconian (Depths:4)
  Nessos (D:13)
  2 lorocyprocas
  9 vampire knights
  An entropy weaver (Spider:3)
  4 minotaurs
  6 deep elf annihilators
  The ghost of Foxy the Spry, a journeyman FeEn of Gozag (Shoals:2)
  9 deep elf death magi
  2 ettins
  9 spark wasps
  2 blizzard demons
  A quicksilver dragon zombie (Depths:2)
  A green death (Abyss:2)
  An iron golem (Depths:2)
  4 merfolk impalers
  An eidolon (Abyss:2)
  5 great orbs of eyes
  3 deep elf high priests
  4 fire dragons
  3 jiangshi (Depths:2)
  Harold (Lair:2)
  3 ice dragons
  3 ogre magi
  2 boulder beetles
  14 hydras
  Josephine (D:15)
  6 spriggan air magi
  3 salamander tyrants
  2 hell beasts (Hell)
  5 rakshasas
  3 vault guards (D:14)
  3 merfolk avatars
  2 catoblepae
  6 centaur warriors
  A ghost crab (Abyss:5)
  37 dancing weapons
  4 death yaks (Lair:4)
  7 deep troll shamans
  4 tengu warriors (Depths:3)
  5 two-headed ogres
  12 satyrs
  6 deep troll earth magi
  22 hell hogs
  A vampire mage (Depths:1)
  11 large abominations
  7 thrashing horrors
  7 orc high priests
  3 spriggan berserkers
  7 soul eaters
  7 sun demons
  Sonja (Lair:4)
  13 deep elf knights
  25 hell knights
  5 skeletal warriors
  2 cherubim (Abyss:3)
  2 shadow wraiths (Hell)
  3 golden dragon zombies (Depths:2)
  7 iron trolls
  8 sea snakes
  3 fire crabs
  A wretched star (Abyss:2)
  A shadow demon (Abyss:2)
  2 golden dragon skeletons (Depths:2)
  15 deep trolls
  4 flayed ghosts
  A glowing orange brain (Depths:2)
  3 wizards
  2 lindwurms (Lair:6)
  A tengu zombie (Depths:2)
  11 deep elf archers
  11 harpies
  30 deep elf pyromancers
  A harpy (shapeshifter) (Abyss:3)
  6 orc knights
  4 phantasmal warriors
  3 necromancers
  A mana viper (Abyss:3)
  A wolf spider zombie (D:15)
  A tengu skeleton (Depths:2)
  13 orb spiders
  13 fauns
  22 ugly things
  A moth of wrath (Spider:2)
  A stone giant zombie (Depths:2)
  3 orc sorcerers
  A worldbinder (Abyss:3)
  19 deep elf zephyrmancers
  3 shining eyes
  7 elephants
  7 cyclopes
  15 manticores
  28 wolf spiders
  A frost giant zombie (Depths:2)
  A frost giant skeleton (Depths:2)
  2 spriggan zombies
  2 rust devils (Depths:2)
  6 merfolk sirens
  7 centaur zombies
  A fire giant skeleton (Depths:2)
  A guardian serpent (shapeshifter) (D:13)
  An apocalypse crab (Abyss:5)
  13 smoke demons
  2 water nymphs
  A centaur skeleton (D:15)
  7 molten gargoyles
  2 black mambas (Lair:2)
  13 cane toads
  A gargoyle (D:12)
  8 unseen horrors
  2 hellions (Hell)
  2 torpor snails
  3 rime drakes
  16 komodo dragons
  A yaktaur (shapeshifter) (Elf:3)
  Psyche (D:10)
  2 kobold demonologists
  3 tengu conjurers
  2 ice devils (Depths:2)
  17 demonic crawlers
  2 efreet
  7 ancient zymes
  A tormentor (Abyss:3)
  24 merfolk
  9 trolls
  14 hornets
  26 jumping spiders
  3 wind drakes (Shoals:3)
  4 polar bears
  30 blink frogs
  4 meliai
  10 snapping turtles
  52 slime creatures
  2 raiju (Abyss:3)
  2 meliai zombies
  13 dream sheep
  An ettin zombie (Abyss:2)
  A dream sheep (shapeshifter) (Elf:2)
  4 wraiths
  A centaur simulacrum (D:14)
  52 redbacks
  A vampire (Abyss:3)
  27 yaks
  6 water elementals
  2 air elementals
  11 flying skulls
  8 spriggans
  28 tarantellas
  5 fire elementals
  3 ynoxinuls
  7 wyverns
  10 fire bats (Volcano)
  4 basilisks
  2 chaos spawn
  A neqoxec (Abyss:3)
  4 vampire mosquitoes (D:13)
  Menkaure (D:7)
  6 wargs
  Edmund (D:3)
  2 acid dragons
  A swamp worm (shapeshifter) (Elf:3)
  8 hell hounds
  18 water moccasins
  2 floating eyes (Slime:4)
  35 orc warriors
  3 black bears
  3 ice beasts
  3 sky beasts
  11 ogres
  20 small abominations
  15 wolves
  A wolf (shapeshifter) (Depths:4)
  16 centaurs
  2 phantoms
  3 kobold brigands (D:9)
  4 elf zombies (Ossuary)
  2 earth elementals
  8 bullfrogs
  5 scorpions
  A water moccasin zombie (D:6)
  A water moccasin skeleton (D:6)
  A wyvern skeleton (D:7)
  6 killer bees (D:10)
  8 electric eels
  6 wights
  2 howler monkeys
  3 lava snakes (Volcano)
  2 quasits (Abyss:1)
  2 human zombies
  A bullfrog zombie (D:6)
  2 hounds
  3 jellies
  5 iguanas
  24 orc priests
  An iron imp (Abyss:1)
  A gnoll shaman (D:9)
  12 orc wizards
  A killer bee zombie (D:8)
  A hound zombie (D:5)
  2 mummies (Ossuary)
  2 howler monkey zombies (D:8)
  15 gnolls
  7 adders
  A howler monkey skeleton (D:7)
  4 white imps
  An ufetubus (D:7)
  3 adder zombies (Ossuary)
  2 worms
  2 dart slugs
  65 orcs
  16 ball pythons
  11 endoplasms
  4 giant cockroaches
  5 goblins
  5 hobgoblins
  4 jackals (D:1)
  16 kobolds
  4 bats
  A frilled lizard (D:1)
  A goblin zombie (Ossuary)
  7 hobgoblin zombies (Ossuary)
  10 kobold zombies (Ossuary)
  7 orc zombies (Ossuary)
  5 rats
  3 rat zombies (Ossuary)
  5 bushes (Lair:4)
  5 fire vortices (Geh:1)
  8 starspawn tentacles
  2 tentacles (Abyss:5)
1678 creatures vanquished.

Vanquished Creatures (collateral kills)
  Asterion (Elf:3)
  A deep elf blademaster (Elf:3)
  A rockslime (Slime:4)
  2 emperor scorpions (Spider:4)
  Louise (Depths:4)
  4 very ugly things
  A quicksilver ooze (Slime:4)
  A yellow draconian (Depths:4)
  Azrael (D:14)
  A deep elf death mage (Elf:3)
  A vault guard (D:14)
  2 soul eaters (Hell)
  An iron troll (Depths:2)
  A sea snake (Shoals:4)
  2 large abominations (Gauntlet)
  2 orc knights (Orc:2)
  A deep elf pyromancer (D:15)
  3 orb spiders
  A harpy (Shoals:4)
  A deep elf zephyrmancer (Elf:3)
  A faun (Shoals:4)
  6 ugly things
  A hellion (Hell)
  A demonic crawler (Spider:2)
  2 jumping spiders
  A merfolk (Shoals:4)
  A hornet (Spider:2)
  8 slime creatures
  A dream sheep (Shoals:4)
  A redback (Spider:2)
  A human zombie (Depths:2)
  5 small abominations
  2 orc warriors (Orc:2)
  An orc (Orc:2)
61 creatures vanquished.

Vanquished Creatures (others)
  An ogre mage (D:14)
  5 deep elf zephyrmancers
  A deep elf pyromancer (Elf:2)
  A merfolk (Shoals:4)
  A raiju (Abyss:3)
  A redback (Spider:2)
  A golden eye (Abyss:2)
  A creeping inferno (Geh:1)
  204 foxfires
  129 fulminant prisms
  40 fungi
  132 plants
  18 starspawn tentacles
  6 tentacles (Abyss:5)
  4 withered plants (Depths:2)
545 creatures vanquished.

Grand Total: 2284 creatures vanquished

Notes
Turn   | Place    | Note
-------+----------+-------------------------------------------
     0 | D:1      | browni3141 the Djinni Fire Elementalist began the quest for
                  | the Orb.
     0 | D:1      | Reached XP level 1. HP: 15/15 MP: 0/0
   210 | D:1      | Reached XP level 2. HP: 18/21 MP: 0/0
   651 | D:1      | Found a faded altar of an unknown god.
   651 | D:1      | Noticed a blizzard demon
   746 | D:1      | Reached XP level 3. HP: 21/26 MP: 0/0
   746 | D:1      | Learned a level 1 spell: Pain
   930 | D:1      | Reached skill level 1 in Fighting
  1723 | D:2      | Reached XP level 4. HP: 30/33 MP: 0/0
  3050 | D:3      | Reached skill level 1 in Long Blades
  3050 | D:3      | Reached XP level 5. HP: 26/38 MP: 0/0
  3050 | D:3      | Learned a level 2 spell: Ensorcelled Hibernation
  3544 | D:3      | Found a shadowy altar of Dithmenos.
  3544 | D:3      | Found a sparkling altar of Nemelex Xobeh.
  3544 | D:3      | Found a broken altar of Ashenzari.
  3545 | D:3      | Found a bloodstained altar of Trog.
  3547 | D:3      | Found an opulent altar of Gozag.
  3552 | D:3      | Became a worshipper of Ashenzari the Shackled
  3687 | D:3      | Found a hazy altar of Hepliaklqana.
  5679 | D:4      | Reached XP level 6. HP: 31/45 MP: 0/0
  5972 | D:4      | Found a glowing silver altar of Zin.
  5972 | D:4      | Noticed an angel
  6351 | D:4      | Reached XP level 7. HP: 28/50 MP: 0/0
  6351 | D:4      | Learned a level 2 spell: Corpse Rot
  7071 | D:4      | Reached * piety under Ashenzari
  7120 | D:5      | Entered Level 5 of the Dungeon
  7217 | D:5      | Found a stormy altar of Qazlal.
  7231 | D:5      | Identified a scroll of acquirement
  7764 | D:5      | Acquired a +1 pair of gloves of archery
  7771 | D:5      | Reached ** piety under Ashenzari
  7795 | D:5      | Found a staircase to the Ecumenical Temple.
  7839 | D:5      | Reached XP level 8. HP: 36/62 MP: 0/0
  8031 | D:5      | Reached skill level 5 in Long Blades
  8245 | D:5      | Noticed Edmund
  8435 | D:3      | Killed Edmund
  8509 | Temple   | Entered the Ecumenical Temple
  9294 | D:6      | Found a sand-covered staircase.
  9308 | D:6      | Reached skill level 5 in Fighting
  9309 | Ossuary  | Entered an ossuary
  9310 | Ossuary  | Acquired the amulet of the Griffon {rF+ Regen+ SInv}
  9317 | Ossuary  | Reached *** piety under Ashenzari
  9550 | Ossuary  | Reached XP level 9. HP: 55/72 MP: 0/0
  9550 | Ossuary  | Learned a level 4 spell: Fulminant Prism
  9558 | Ossuary  | Reached skill level 5 in Spellcasting
  9575 | Ossuary  | Reached skill level 1 in Armour
  9575 | Ossuary  | Reached skill level 3 in Dodging
  9682 | D:6      | Acquired 1145 gold pieces
 10304 | D:7      | Noticed Menkaure
 10311 | D:7      | Killed Menkaure
 10312 | D:7      | Reached skill level 4 in Dodging
 10316 | D:7      | Noticed a skeletal warrior
 10317 | D:7      | Noticed a skeletal warrior
 10317 | D:7      | Noticed a skeletal warrior
 10558 | D:7      | Noticed a skeletal warrior
 10563 | D:7      | Reached XP level 10. HP: 81/81 MP: 0/0
 10671 | D:7      | Reached **** piety under Ashenzari
 10725 | D:6      | Killed a skeletal warrior
 10726 | D:6      | Reached skill level 5 in Dodging
 10726 | D:6      | Reached skill level 1 in Shields
 10785 | D:7      | Killed a skeletal warrior
 10889 | D:7      | Killed a skeletal warrior
 10892 | D:7      | Killed a skeletal warrior
 10893 | D:7      | Reached skill level 6 in Dodging
 11418 | D:8      | Noticed a two-headed ogre
 11426 | D:8      | Killed a two-headed ogre
 11427 | D:8      | Reached XP level 11. HP: 88/89 MP: 0/0
 11427 | D:8      | Learned a level 4 spell: Summon Lightning Spire
 11466 | D:8      | Reached ***** piety under Ashenzari
 11880 | D:9      | Noticed a centaur warrior
 11904 | D:9      | Killed a centaur warrior
 11908 | D:9      | Reached skill level 7 in Dodging
 12122 | D:9      | Noticed a deep elf pyromancer
 12362 | D:9      | Killed a deep elf pyromancer
 12532 | D:10     | Entered Level 10 of the Dungeon
 12532 | D:10     | Noticed Psyche
 12536 | D:10     | Killed Psyche
 12608 | D:10     | Found a sacrificial altar of Ru.
 12717 | D:10     | Reached skill level 5 in Shields
 13145 | D:11     | Found a staircase to the Orcish Mines.
 13151 | Orc:1    | Entered Level 1 of the Orcish Mines
 13200 | Orc:1    | Noticed an orc knight
 13213 | Orc:1    | Killed an orc knight
 13255 | Orc:1    | Found Wuvarr's Jewellery Shoppe.
 13450 | Orc:1    | Found Ekonui's Assorted Antiques.
 13466 | Orc:1    | Reached XP level 12. HP: 72/95 MP: 0/0
 13671 | Orc:1    | Found Liudeod's Assorted Antiques.
 13677 | Orc:1    | Bought a scroll labelled NEROCH OZOGO for 30 gold pieces
 13677 | Orc:1    | Bought a scroll of blinking for 225 gold pieces
 13725 | Orc:1    | Found Vemus's General Store.
 13725 | Orc:1    | Found Docoetucw's Specific Store.
 13812 | Orc:2    | Entered Level 2 of the Orcish Mines
 13812 | Orc:2    | Noticed an orc high priest
 13817 | Orc:2    | Noticed a sixfirhy
 13822 | Orc:2    | Killed an orc high priest
 13823 | Orc:2    | Reached skill level 8 in Dodging
 13864 | Orc:2    | Found Pyros's Weapon Boutique.
 13875 | Orc:2    | Noticed a two-headed ogre
 13884 | Orc:2    | Killed a two-headed ogre
 13915 | Orc:2    | Found a gate leading to a gauntlet.
 13918 | Orc:2    | Found Fuenneibb's Antique Armour Emporium.
 13920 | Gauntlet | Entered a Gauntlet
 13920 | Gauntlet | Noticed a large abomination
 13920 | Gauntlet | Found a transporter.
 13939 | Gauntlet | Found a transporter.
 13939 | Gauntlet | Found a transporter.
 13950 | Gauntlet | Found a transporter.
 13958 | Gauntlet | Found a transporter.
 13978 | Gauntlet | Found a transporter.
 13988 | Gauntlet | Found a transporter.
 13988 | Gauntlet | Noticed a cacodemon
 13995 | Gauntlet | Noticed a ghost crab
 13998 | Gauntlet | Found a transporter.
 13999 | Gauntlet | Identified the +2 pair of boots of Hepliaklqana's Pride
                  | {rElec rF++ rC+ Int-2}
 14019 | Gauntlet | Found a transporter.
 14028 | Gauntlet | Noticed a death scarab
 14030 | Gauntlet | Found a transporter.
 14030 | Gauntlet | Found a transporter.
 14096 | Gauntlet | Found a transporter.
 14096 | Gauntlet | Found a transporter.
 14111 | Gauntlet | Found a transporter.
 14201 | Gauntlet | Killed a large abomination
 14228 | Gauntlet | Reached skill level 5 in Armour
 14445 | Gauntlet | Identified the +3 rapier "Nobbydwif" {speed, rF+ rC+ rN+}
 14445 | Gauntlet | Noticed a minotaur
 14471 | Gauntlet | Killed a minotaur
 14505 | Orc:2    | Bought an embroidered cloak for 240 gold pieces
 14514 | Orc:2    | Found a staircase to the Elven Halls.
 14634 | Orc:2    | Noticed an orc high priest
 14640 | Orc:2    | Killed an orc high priest
 14674 | Orc:2    | Reached skill level 9 in Dodging
 14674 | Orc:2    | Reached XP level 13. HP: 62/106 MP: 0/0
 14674 | Orc:2    | Learned a level 5 spell: Blade Hands
 14933 | Orc:2    | Found Tiuq's Antique Armour Shoppe.
 14936 | Orc:2    | Found Qesyal's Jewellery Shoppe.
 14937 | Orc:2    | Found Cisock's Weapon Shoppe.
 14938 | Orc:2    | Found Tager's Jewellery Emporium.
 15053 | Orc:2    | Reached skill level 10 in Fighting
 15313 | Orc:2    | Reached ****** piety under Ashenzari
 15442 | Orc:1    | Bought the ring "Qomier" {rF++ Int+6 Dex+4} for 1371 gold
                  | pieces
 15626 | D:11     | Found a staircase to the Lair.
 15636 | D:11     | Noticed a boulder beetle
 15676 | D:11     | Killed a boulder beetle
 16123 | D:12     | Noticed a boulder beetle
 16142 | D:12     | Reached skill level 1 in Evocations
 16192 | D:12     | Killed a boulder beetle
 16193 | D:12     | Reached skill level 10 in Long Blades
 16193 | D:12     | Reached skill level 10 in Dodging
 16747 | D:13     | Noticed Jorgrun
 16866 | D:13     | Killed Jorgrun
 16867 | D:13     | Reached XP level 14. HP: 107/114 MP: 0/0
 17048 | D:13     | Identified the +5 scale mail of Dice, Bag, and Bottle
                  | {Regen+}
 17250 | D:13     | Noticed Nessos
 17263 | D:13     | Killed Nessos
 17689 | D:14     | Found a gate to the Vaults.
 17859 | D:14     | Found a broken altar of Ashenzari.
 17939 | D:14     | Reached skill level 11 in Dodging
 17984 | D:14     | Noticed Azrael
 17994 | D:14     | Killed Azrael
 18150 | D:14     | Noticed Roxanne
 18248 | D:14     | Killed Roxanne
 18366 | D:15     | Entered Level 15 of the Dungeon
 18421 | D:15     | Reached XP level 15. HP: 114/121 MP: 0/0
 18421 | D:15     | Learned a level 6 spell: Iron Shot
 18437 | D:15     | Found a frozen archway.
 18449 | IceCv    | Entered an ice cave
 18452 | IceCv    | Noticed a quicksilver ooze
 18542 | D:15     | Found a sacrificial altar of Ru.
 18792 | D:15     | Noticed Qucsich's ghost (journeyman HOAr)
 18793 | D:15     | Noticed a tengu reaver
 18803 | D:15     | Found a runed translucent gate.
 18804 | D:15     | Found a runed translucent gate.
 18805 | D:15     | Found a runed translucent gate.
 18824 | D:15     | Found a staircase to the Depths.
 18938 | D:15     | Identified the +11 long sword of Cearaumoll {flame, rF+
                  | Str+4 Int-2}
 18986 | D:15     | Noticed Josephine
 18998 | D:15     | Killed Josephine
 19174 | D:15     | Reached skill level 10 in Shields
 19619 | D:15     | Killed a tengu reaver
 19620 | D:15     | Reached skill level 12 in Dodging
 19638 | D:15     | Killed Qucsich's ghost
 19879 | Lair:1   | Entered Level 1 of the Lair of Beasts
 20612 | Lair:2   | Reached skill level 10 in Spellcasting
 20721 | Lair:2   | Noticed Harold
 20736 | Lair:2   | Killed Harold
 20788 | Lair:2   | Reached XP level 16. HP: 124/129 MP: 0/0
 21337 | Lair:3   | Found a hole to the Spider Nest.
 21770 | Lair:3   | Found a runed translucent door.
 22189 | Lair:4   | Found a staircase to the Shoals.
 22231 | Lair:4   | Noticed Sonja
 22245 | Lair:4   | Killed Sonja
 22606 | Lair:4   | Identified the +3 ring mail of the Goldsmith {+Blink rPois
                  | rF+}
 24133 | Lair:6   | Entered Level 6 of the Lair of Beasts
 24133 | Lair:6   | Found a corrupted altar of Lugonu.
 24134 | Lair:6   | Found a one-way gate to the infinite horrors of the Abyss.
 24138 | Lair:6   | Reached skill level 13 in Dodging
 24505 | Lair:6   | Found a dark tunnel.
 24512 | Volcano  | Entered a volcano
 24632 | Volcano  | Found a burning altar of Makhleb.
 24776 | Volcano  | Reached XP level 17. HP: 125/141 MP: 0/0
 24776 | Volcano  | Learned a level 6 spell: Summon Cactus Giant
 25186 | Lair:6   | Found a staircase to the Slime Pits.
 25486 | Lair:6   | Voluntarily entered the Abyss.
 25625 | Abyss:2  | Noticed a tentacled starspawn
 25640 | Abyss:2  | Killed a tentacled starspawn
 25757 | Abyss:2  | Noticed a tentacled starspawn
 25801 | Abyss:2  | Killed a tentacled starspawn
 25835 | Abyss:2  | Noticed a tentacled starspawn
 25862 | Abyss:2  | Killed a tentacled starspawn
 25888 | Abyss:2  | Noticed a Hell Sentinel
 25929 | Lair:6   | Escaped the Abyss
 25976 | Lair:6   | Acquired 750 gold pieces
 25979 | Lair:6   | Voluntarily entered the Abyss.
 25986 | Abyss:1  | Noticed a dread lich
 25990 | Abyss:1  | Found a corrupted altar of Lugonu.
 25994 | Abyss:1  | Found a snail-covered altar of Cheibriados.
 26012 | Abyss:1  | Noticed a tentacled starspawn
 26036 | Abyss:1  | Killed a tentacled starspawn
 26060 | Abyss:1  | Noticed a tentacled starspawn
 26070 | Abyss:1  | Killed a tentacled starspawn
 26299 | Abyss:3  | Noticed a juggernaut
 26308 | Abyss:3  | Found a glowing golden altar of the Shining One.
 26347 | Abyss:3  | Found a glowing golden altar of the Shining One.
 26448 | Abyss:3  | Identified the +8 scimitar of Lust {venom, Fly rF+}
 26454 | Abyss:3  | Reached skill level 14 in Dodging
 26468 | Abyss:3  | Noticed a bone dragon
 26476 | Abyss:3  | Killed a juggernaut
 26478 | Abyss:3  | Noticed a bone dragon
 26479 | Lair:6   | Escaped the Abyss
 26535 | Lair:6   | Killed a bone dragon
 26536 | Lair:6   | Reached XP level 18. HP: 69/149 MP: 0/0
 26597 | Lair:6   | Voluntarily entered the Abyss.
 26709 | Abyss:3  | Acquired a +2 pair of gloves of strength
 26858 | Abyss:4  | Found a corrupted altar of Lugonu.
 26877 | Abyss:5  | Entered Level 5 of the Abyss
 26880 | Abyss:5  | Found a corrupted altar of Lugonu.
 26896 | Abyss:5  | Noticed a kraken
 26915 | Abyss:5  | Noticed a tentacled monstrosity
 26918 | Abyss:5  | Noticed a tentacled monstrosity
 26924 | Abyss:5  | Noticed an ancient lich
 26925 | Abyss:5  | Killed a kraken
 26932 | Abyss:5  | Killed a tentacled monstrosity
 26947 | Abyss:5  | Got an abyssal rune of Zot
 27062 | Lair:6   | Escaped the Abyss
 27177 | Lair:6   | Acquired the +0 hat of the Zebra {Regen+ Dex+4}
 27180 | Slime:1  | Entered Level 1 of the Pits of Slime
 27180 | Slime:1  | Noticed an acid blob
 27183 | Slime:1  | Noticed an acid blob
 27189 | Slime:1  | Killed an acid blob
 27395 | Slime:1  | Killed an acid blob
 27539 | Slime:2  | Noticed an acid blob
 27539 | Slime:2  | Found a viscous altar of Jiyva.
 27790 | Slime:3  | Gained mutation: Your body sometimes deteriorates upon
                  | taking damage. [a shining eye]
 27841 | Slime:3  | Noticed an acid blob
 27847 | Slime:3  | Killed an acid blob
 27875 | Slime:4  | Noticed Dissolution
 27879 | Slime:3  | Noticed an acid blob
 27882 | Slime:3  | Killed Dissolution
 27884 | Slime:3  | Killed an acid blob
 27884 | Slime:3  | Noticed an acid blob
 27901 | Slime:3  | Killed an acid blob
 27964 | Slime:4  | Gained mutation: Armour fits poorly on your strangely
                  | shaped body. [a shining eye]
 27973 | Slime:4  | Noticed an acid blob
 27994 | Slime:4  | Killed an acid blob
 28111 | Slime:5  | Entered Level 5 of the Pits of Slime
 28114 | Slime:5  | Noticed an acid blob
 28125 | Slime:5  | Noticed an acid blob
 28128 | Slime:5  | Killed an acid blob
 28163 | Slime:5  | Paralysed by a floating eye for 4 turns
 28171 | Slime:4  | Paralysed by a floating eye for 4 turns
 28199 | Slime:5  | Killed an acid blob
 28215 | Slime:5  | Noticed the Royal Jelly
 28218 | Slime:5  | Noticed an acid blob
 28218 | Slime:5  | Noticed an acid blob
 28221 | Slime:5  | Noticed an acid blob
 28221 | Slime:5  | Noticed an acid blob
 28235 | Slime:5  | Noticed an acid blob
 28378 | Slime:5  | Gained mutation: You sometimes lose the ability to read
                  | scrolls when taking damage. [a shining eye]
 28420 | Slime:5  | Gained mutation: Your body often deteriorates upon taking
                  | damage. [a shining eye]
 28428 | Slime:5  | Killed an acid blob
 28472 | Slime:5  | Noticed an acid blob
 28503 | Slime:4  | Reached XP level 19. HP: 125/157 MP: 0/0
 28503 | Slime:4  | Learned a level 6 spell: Dispersal
 29068 | Slime:4  | HP: 7/157 [azure jelly (66)]
 29233 | Slime:4  | Reached skill level 15 in Dodging
 29825 | Shoals:1 | Entered Level 1 of the Shoals
 29857 | Shoals:1 | Reached skill level 5 in Evocations
 30457 | Shoals:2 | Noticed Ilsuiw
 30466 | Shoals:2 | Killed Ilsuiw
 30738 | Shoals:2 | Found a runed translucent door.
 30738 | Shoals:2 | Noticed Foxy's ghost (journeyman FeEn)
 31230 | Shoals:2 | Killed Foxy's ghost
 32118 | Shoals:4 | Entered Level 4 of the Shoals
 32241 | Shoals:4 | Reached skill level 10 in Armour
 32257 | Shoals:4 | Reached skill level 15 in Fighting
 32555 | Shoals:4 | Reached XP level 20. HP: 156/166 MP: 0/0
 32564 | Shoals:4 | Paralysed by a sphinx for 7 turns
 32612 | Shoals:4 | Got a barnacled rune of Zot
 32848 | Shoals:4 | Reached skill level 5 in Stealth
 33244 | Spider:1 | Entered Level 1 of the Spider Nest
 33656 | Spider:1 | Noticed Mlioglotl
 33666 | Spider:1 | Killed Mlioglotl
 33880 | Spider:1 | Found a hide-covered altar of Uskayaw.
 33969 | Spider:2 | Noticed Arachne
 33988 | Spider:2 | Killed Arachne
 34065 | Spider:2 | Noticed Aizul
 34074 | Spider:2 | Killed Aizul
 34100 | Spider:2 | Reached skill level 16 in Dodging
 35207 | Spider:4 | Entered Level 4 of the Spider Nest
 35453 | Spider:4 | Identified the +0 cloak "Reju Dich" {rN+ Will- Str+4}
 35616 | Spider:4 | Reached XP level 21. HP: 167/173 MP: 0/0
 35616 | Spider:4 | Learned a level 7 spell: Dragon Form
 35727 | Spider:4 | Got a gossamer rune of Zot
 36100 | Spider:4 | Acquired the ring of the Fool {rF+ Int+6 Slay+3 Stlth+}
 36301 | Elf:1    | Entered Level 1 of the Elven Halls
 37322 | Elf:2    | Found Soaj's Book Boutique.
 37341 | Elf:2    | Identified the +4 rapier of the Moon {vorpal, Int+3 SInv}
 37430 | Elf:2    | Reached skill level 15 in Long Blades
 37849 | Elf:2    | Found a runed translucent gate.
 37850 | Elf:2    | Found a runed translucent gate.
 37850 | Elf:2    | Found a runed translucent gate.
 37969 | Elf:2    | Reached skill level 15 in Shields
 37995 | Elf:2    | Reached skill level 17 in Dodging
 38256 | Elf:3    | Entered Level 3 of the Elven Halls
 38319 | Elf:3    | Reached XP level 22. HP: 158/175 MP: 0/0
 38452 | Elf:3    | Found Lurumpel's Distillery.
 38460 | Elf:3    | Bought a potion of heal wounds for 55 gold pieces
 38460 | Elf:3    | Bought a potion of curing for 33 gold pieces
 38460 | Elf:3    | Bought a potion of mutation for 88 gold pieces
 38460 | Elf:3    | Bought a potion of curing for 33 gold pieces
 38460 | Elf:3    | Bought a potion of curing for 33 gold pieces
 38460 | Elf:3    | Bought a potion of cancellation for 88 gold pieces
 38464 | Elf:3    | Lost mutation: Your body often deteriorates upon taking
                  | damage. [potion of mutation]
 38464 | Elf:3    | Lost mutation: You sometimes lose the ability to read
                  | scrolls when taking damage. [potion of mutation]
 38464 | Elf:3    | Gained mutation: You are dopey. (Int -2) [potion of
                  | mutation]
 38464 | Elf:3    | Gained mutation: You are occasionally teleported next to
                  | monsters. [potion of mutation]
 38464 | Elf:3    | Gained mutation: Your spells are a little easier to cast,
                  | but a little less powerful. [potion of mutation]
 38464 | Elf:3    | Gained mutation: You are robust. (+10% HP) [potion of
                  | mutation]
 38694 | Elf:3    | Found Rauhaigipt's Distillery.
 38694 | Elf:3    | Found Sykukh's Antique Weapon Shop.
 38712 | Elf:3    | Bought a potion of berserk rage for 60 gold pieces
 38712 | Elf:3    | Bought a potion of berserk rage for 60 gold pieces
 38712 | Elf:3    | Bought a potion of cancellation for 96 gold pieces
 38712 | Elf:3    | Bought a potion of haste for 120 gold pieces
 38712 | Elf:3    | Bought a potion of haste for 120 gold pieces
 38723 | Elf:3    | Noticed Asterion
 38756 | Elf:3    | Killed Asterion
 39156 | Elf:3    | Identified the ring of Secrets {rF+ EV+4 Str+9 Dex-5 SInv}
 39645 | Elf:3    | Identified the ring "Percharaa" {rF+ rN+ Int+3 Dex+2}
 39658 | Elf:3    | Identified the +0 pair of boots "Qeacvef" {Dex+3}
 39663 | Elf:3    | Identified the Compendium of Flight
 39666 | Elf:3    | Identified the Volume of the Well-Known Bounties
 39668 | Elf:3    | Identified the ring of Ekkeadoz {rPois rF+ rN+ Stlth+}
 40134 | Depths:1 | Entered Level 1 of the Depths
 40185 | Depths:1 | Acquired a manual of Long Blades
 40354 | Depths:1 | Identified the ring "Ceqir" {Str+6 Int+6}
 40357 | Depths:1 | Found a one-way gate leading to the halls of Pandemonium.
 40919 | Depths:1 | Found Uheweh's Book Boutique.
 40920 | Depths:1 | Found Qolonydgh's Jewellery Emporium.
 40921 | Depths:1 | Found Bait's Book Boutique.
 40946 | Depths:1 | Found a gateway to a ziggurat.
 40953 | Depths:1 | Noticed Saint Roka
 40977 | Depths:1 | Killed Saint Roka
 41091 | Depths:1 | Found a gateway to Hell.
 41117 | Depths:1 | Paralysed by a vampire knight for 3 turns
 42015 | Depths:2 | Reached XP level 23. HP: 176/200 MP: 0/0
 42015 | Depths:2 | Learned a level 7 spell: Monstrous Menagerie
 42294 | Depths:2 | Found a basalt altar of Yredelemnul.
 42671 | Hell     | Entered the Vestibule of Hell
 42671 | Hell     | Noticed Geryon
 42696 | Depths:2 | Reached skill level 18 in Dodging
 43443 | Hell     | Killed Geryon
 44504 | Hell     | Found a gateway to the ashen valley of Gehenna.
 44599 | Hell     | Found a gateway to the Iron City of Dis.
 44639 | Hell     | Found a gateway to the freezing wastes of Cocytus.
 44821 | Hell     | Found a gateway to the decaying netherworld of Tartarus.
 44849 | Hell     | Reached XP level 24. HP: 177/213 MP: 0/0
 45214 | Depths:3 | Noticed a caustic shrike
 45217 | Depths:3 | Noticed a caustic shrike
 45218 | Depths:3 | Noticed a caustic shrike
 45222 | Depths:3 | Noticed a caustic shrike
 45242 | Depths:3 | Noticed a juggernaut
 45250 | Depths:3 | Killed a caustic shrike
 45282 | Depths:3 | Killed a juggernaut
 45290 | Depths:3 | Killed a caustic shrike
 45294 | Depths:3 | Killed a caustic shrike
 45298 | Depths:3 | Killed a caustic shrike
 45359 | Depths:3 | Identified Nezowad's Disquisition on Bewitching
                  | Transmigration
 45835 | Depths:3 | Acquired a manual of Armour
 46398 | Depths:4 | Entered Level 4 of the Depths
 46495 | Depths:4 | Noticed Louise
 46538 | Depths:4 | Killed Louise
 46597 | Depths:4 | Found Halotugiru's Magic Scroll Emporium.
 46639 | Depths:4 | Noticed Mennas
 46704 | Depths:4 | Killed Mennas
 46905 | Depths:4 | Found Watuj's Distillery.
 46908 | Depths:4 | Bought a scroll of fear for 70 gold pieces
 46908 | Depths:4 | Bought a scroll of teleportation for 60 gold pieces
 46908 | Depths:4 | Bought a scroll of blinking for 150 gold pieces
 46908 | Depths:4 | Bought a scroll of blinking for 150 gold pieces
 46908 | Depths:4 | Bought a scroll of teleportation for 60 gold pieces
 46908 | Depths:4 | Bought a scroll of silence for 150 gold pieces
 46911 | Depths:4 | Noticed Sojobo
 46921 | Depths:4 | Paralysed by an air elemental for 1 turns
 47200 | Depths:4 | Noticed a golden dragon
 47243 | Depths:4 | Noticed Frederick
 47252 | Depths:4 | Killed Frederick
 47525 | Geh:1    | Entered Level 1 of Gehenna
 47624 | Hell     | Reached skill level 19 in Dodging
 47870 | Hell     | Killed from afar by a Brimstone Fiend

Illustrated notes

Levels and vault maps discovered:
D:1:      dpeg_arrival_arbitrary_a, layout_basic,
          dreamdust_ecumenical_altar_sealed_demon,
          hangedman_abyss_or_decor_lesser_grid
D:2:      layout_basic, grunt_decor_fettered, chequers_serial_rivers_small_b,
          minmay_misc_feat_x, minmay_misc_feat_roman
D:3:      layout_loops_ring, mainiacjoe_overflow_catwalk, lemuel_round_altar,
          minitemple
D:4:      layout_basic, zin_angel, amcnicky_mini_corridor_feature
D:5:      layout_loops_ring, grunt_qazlal_clouds, minmay_temple_entry_crystal_x,
          uniq_edmund
D:6:      layout_loops_corners, nicolae_ossuary_entry_ruins
D:7:      layout_gridville, uniq_menkaure
D:8:      layout_basic, minmay_misc_feat_square
D:9:      layout_basic, overflow_temple_1_default, minmay_misc_feat_iff,
          minmay_checkerbox
D:10:     layout_irregular_city, old_standard_altar, nicolae_figureground_pulse,
          uniq_psyche
D:11:     layout_irregular_city, grunt_lair_entry_orc_guard_hut, orc_0_dummy
D:12:     layout_gridville
D:13:     layout_basic, chequers_avenue, uniq_nessos, uniq_jorgrun
D:14:     layout_loops_cross, grunt_vaults_entry_fortified,
          ashenzari_conservatory_becter, uniq_roxanne, uniq_azrael
D:15:     grunt_enter_depths_magical_seal, layout_layer_cave,
          nicolae_cairo_tiling_large, portal_ice_cave_entry_pillars_four,
          gammafunk_ghost_split, st_stairs_4, nicolae_ru_the_path_less_chosen,
          uniq_josephine
Temple:   minmay_temple_curvy_loop
Lair:1:   layout_regular_city, st_stairs_7, serial_bayou_ford_a,
          grunt_megastairs_5
Lair:2:   layout_regular_city, serial_bayou_shore_b, grunt_megastairs_3,
          uniq_harold
Lair:3:   layout_hall_layers, dummy_spider_entry, pf_torpor_hydra
Lair:4:   wad_woods_structure_01, layout_gridlike, elwin_shoals_entry_rocks,
          uniq_sonja
Lair:5:   layout_roguey, serial_bayou_lagoon_b, serial_bayou_shore_b
Lair:6:   hellmonk_lair_end_abyssal_woods, layout_long_grid,
          nicolae_slime_entry_slimehenge, enter_volcano_3, serial_bayou_shore_a,
          serial_bayou_shore_b, grunt_megastairs_1
Shoals:1: layout_shoals
Shoals:2: layout_shoals, hellmonk_ghost_happy_afterlife, uniq_ilsuiw
Shoals:3: layout_shoals
Shoals:4: shoals_end_hellmonk_lost_city
Spider:1: layout_spider_delve, nicolae_spider_altar_of_dancing, uniq_mlioglotl
Spider:2: layout_spider_delve, uniq_aizul, uniq_arachne
Spider:3: layout_spider_delve
Spider:4: guppyfry_spider_rune
Slime:1:  cheibrodos_slime_lost_civilization_9, layout_caves
Slime:2:  layout_caves, basic_altar
Slime:3:  layout_caves
Slime:4:  layout_caves, dissolution_awaits
Slime:5
Orc:1:    layout_diamond_mine, basic_altar, serial_shops, shop_statue,
          shop_fountains, nicolae_shop_advertising_works
          [nicolae_subvault_shop_adworks], nicolae_specific_store,
          nicolae_orc_rockfall
Orc:2:    st_orc_pillars, layout_caves, gauntlet_entry_generic, serial_shops,
          shop, shop
Elf:1:    eino_elf_arrival_customs, layout_loops_corners,
          hangedman_elf_represent, hex_medium, uniq_louise
Elf:2:    nicolae_elf_blades_crystal_corner, layout_geoelf_diagonals,
          serial_shops, shop
Elf:3:    elf_hall, layout_onion_city, serial_shops, shop, minmay_shoptagon,
          uniq_asterion
Depths:1: layout_basic, enter_ziggurat_f, hell_entry, rand_demon_pan_entry_4,
          kennysheep_generic_room_13, infiniplex_staircase_pool_lava,
          minmay_shop_grove, uniq_saint_roka
Depths:2: hangedman_screamer, layout_honeycomb, yredelemnul_altar_generic,
          lightli_too_deep, pan_entry, minivault_22,
          infiniplex_staircase_diamond
Depths:3: grunt_deathspiral_large, layout_basic, grunt_decor_one_mirror,
          hell_entry, minmay_room_of_horrors, infiniplex_staircase_zigzag_3
Depths:4: evilmike_zot_entry_castle, layout_long_grid,
          amcnicky_mini_rare_corridor_liquid, hell_entry,
          nicolae_abyss_entry_one_way_or_another, grunt_pan_entry_in_and_out,
          serial_shops, nicolae_shop_behind_doors, nicolae_shop_waterfront,
          serial_bayou_shore_b, uniq_mennas, uniq_sojobo, uniq_frederick
Hell
Geh:1:    layout_gehenna_lava_caves
Geh:2:    layout_gehenna_lava_caves, nicolae_geh_lavax

Skill      XL: |  1  2  3  4  5  6  7  8  9 10 11 12 13 14 15 16 17 18 19 20 21 22 23 24 |
---------------+-------------------------------------------------------------------------+-----
Spellcasting   | 3 4 5 6 7 8 9 10 11 12 13 14 | 14.4
Fighting       | 1 2 3 5 6 7 8 9 10 11 12 13 14 15 16 17 18 | 18.0
Long Blades    | 1 3 4 5 6 7 8 9 10 11 12 13 14 15 16 17 18 | 18.0
Armour         | 2 3 4 5 6 7 8 9 10 11 12 | 12.6
Dodging        | 4 6 7 9 10 11 12 13 14 15 16 17 18 19 | 19.0
Shields        | 3 5 6 8 9 10 11 12 13 14 15 16 17 | 17.0
Evocations     | 2 3 4 5 6 7 8 9 |  9.2
Stealth        | 2 3 4 5 6 7 8 |  8.3

Action                   |  1- 3 |  4- 6 |  7- 9 | 10-12 | 13-15 | 16-18 | 19-21 | 22-24 || total
-------------------------+-------+-------+-------+-------+-------+-------+-------+-------++-------
Melee: Dagger            |    22 |     9 |       |       |       |       |       |       ||    31
       Unarmed           |     4 |       |       |       |     2 |       |       |       ||     6
       Long sword        |       |   143 |   207 |   144 |   208 |   978 |  1358 |  1749 ||  4787
       Scimitar          |       |       |       |   149 |   537 |       |       |       ||   686
 Cast: Foxfire           |    34 |    32 |    42 |     7 |       |     2 |     2 |       ||   119
       Scorch            |       |     9 |    52 |    62 |    45 |    19 |     1 |     1 ||   189
       Pain              |       |     7 |     2 |     2 |       |       |       |       ||    11
       Ensorcelled Hiber |       |     3 |     5 |       |       |       |       |       ||     8
       Conjure Flame     |       |     1 |     2 |       |       |       |       |       ||     3
       Flame Wave        |       |       |     4 |     9 |    19 |    34 |    37 |    33 ||   136
       Fulminant Prism   |       |       |     2 |    47 |    45 |    19 |    14 |     2 ||   129
       Summon Lightning  |       |       |       |     7 |    11 |    10 |     5 |    19 ||    52
       Iron Shot         |       |       |       |       |       |    67 |    79 |   125 ||   271
       Summon Cactus Gia |       |       |       |       |       |     6 |    12 |    20 ||    38
       Dispersal         |       |       |       |       |       |       |     2 |       ||     2
Invok: Curse Item        |       |     1 |     4 |     4 |     3 |     1 |       |     1 ||    14
       Shatter the Chain |       |       |       |     2 |     2 |       |     1 |     1 ||     6
  Use: Scroll            |       |       |     8 |       |     1 |    13 |     2 |     5 ||    29
       Potion            |       |       |       |     1 |       |     7 |     6 |     9 ||    23
 Stab: Sleeping          |     2 |     6 |     2 |     7 |     9 |    15 |    23 |    22 ||    86
       Distracted        |       |     1 |       |       |     4 |     5 |     7 |    10 ||    27
       Paralysed         |       |       |       |       |       |     2 |       |       ||     2
       Invisible         |       |       |       |       |       |       |     5 |       ||     5
       Held in net/web   |       |       |       |       |       |       |     1 |       ||     1
Armor: Robe              |     4 |    22 |    73 |    29 |       |       |       |       ||   128
       Ring mail         |       |       |       |    13 |   101 |   158 |   225 |   186 ||   683
Dodge: Dodged            |    39 |   138 |   183 |   162 |   287 |   506 |   879 |   833 ||  3027
Block: Tower shield      |       |       |       |   331 |   830 |  1197 |  1853 |  1774 ||  5985

Table legend: (Time is in decaauts)
 A = Elapsed time spent in this place.
 B = Non-inter-level travel time spent in this place.
 C = Inter-level travel time spent in this place.
 D = Time resting spent in this place.
 E = Time spent auto-exploring this place.
 F = Levels seen in this place.
 G = Mean time per level.
                   A        B        C        D        E       F      G
               +--------+--------+--------+--------+--------+-----+--------+
         Total |  46877 |  44169 |   2708 |   4449 |  25135 |  61 |  768.5 |
       Dungeon |  17008 |  15970 |   1038 |   1169 |  10972 |  15 | 1133.9 |
        Temple |    354 |    327 |     27 |      0 |    320 |   1 |  354.0 |
          Lair |   5821 |   5257 |    564 |    701 |   2990 |   6 |  970.2 |
        Shoals |   3275 |   3158 |    117 |      0 |   2234 |   4 |  818.8 |
   Spider Nest |   2754 |   2518 |    236 |     54 |   1508 |   4 |  688.5 |
    Slime Pits |   2273 |   2210 |     63 |   1008 |    156 |   5 |  454.6 |
  Orcish Mines |   1854 |   1651 |    203 |      0 |   1103 |   2 |  927.0 |
   Elven Halls |   3530 |   3360 |    170 |    190 |   1976 |   3 | 1176.7 |
        Depths |   5531 |   5334 |    197 |    701 |   2743 |   4 | 1382.8 |
          Hell |   1599 |   1558 |     41 |    471 |    491 |   1 | 1599.0 |
       Gehenna |    212 |    162 |     50 |      0 |     17 |   2 |  106.0 |
         Abyss |   1323 |   1323 |      0 |     44 |     71 |  10 |  132.3 |
       Ossuary |    367 |    367 |      0 |      0 |    211 |   1 |  367.0 |
      Ice Cave |     10 |     10 |      0 |      0 |      0 |   1 |   10.0 |
       Volcano |    382 |    382 |      0 |      0 |    227 |   1 |  382.0 |
      Gauntlet |    577 |    577 |      0 |    111 |    116 |   1 |  577.0 |
               +--------+--------+--------+--------+--------+-----+--------+

Top non-repeatable levels by time:
     D:3: 2433 daAuts
     D:2: 2044 daAuts
Depths:2: 1979 daAuts
  Lair:4: 1677 daAuts
    Hell: 1599 daAuts
   Elf:3: 1562 daAuts
     D:1: 1478 daAuts
 Slime:4: 1419 daAuts
Depths:3: 1399 daAuts
  Lair:6: 1391 daAuts
     D:5: 1366 daAuts
Depths:1: 1358 daAuts
     D:4: 1355 daAuts
    D:15: 1343 daAuts
   Orc:2: 1074 daAuts
